 Dungeon Crawl Stone Soup version 0.21.1-1-g345015fe64 (webtiles) character file.

617 Gargoyl the Skirmisher (level 7, -1/59 HPs)
             Began as a Centaur Abyssal Knight on May 9, 2018.
             Was a Priest of Lugonu.
             Slain by an iguana (4 damage)
             ... on level 4 of the Dungeon.
             The game lasted 00:08:05 (4237 turns).

Gargoyl the Skirmisher (Centaur Abyssal Knight)     Turns: 4237, Time: 00:08:05

Health: -1/59      AC:  9    Str: 16    XL:     7   Next: 21%
Magic:  9/9        EV:  4    Int: 11    God:    Lugonu [***...]
Gold:   218        SH:  3    Dex: 12    Spells: 6/6 levels left

rFire    + . .     SeeInvis +   a - +2 hand axe
rCold    + . .     Gourm    .   o - +0 buckler
rNeg     . . .     Faith    .   j - +0 chain mail (curse)
rPois    .         Spirit   .   (no helmet)
rElec    .         Reflect  .   t - scarf {rC+ rF+}
rCorr    .         Harm     .   d - +0 pair of gloves
MR       .....                  (no barding)
Stlth    ..........             (no amulet)
HPRegen  0.19/turn              i - +3 ring of dexterity
MPRegen  0.11/turn              l - ring of see invisible

@: very quick
A: large, hooves 3, deformed body, speed 2, [screaming 2], tough skin 3
a: Depart the Abyss, Bend Space, Banish, Renounce Religion


You were on level 4 of the Dungeon.
You worshipped Lugonu.
Lugonu was most pleased with you.
You were hungry.

You visited 1 branch of the dungeon, and saw 4 of its levels.
You visited the Abyss 1 time.
You also visited: Sewer.

You collected 218 gold pieces.

Inventory:

Hand Weapons
 a - a +2 hand axe (weapon)
Armour
 d - a +0 pair of gloves (worn)
 j - a cursed +0 chain mail (worn)
 o - a +0 buckler (worn)
 t - a scarf of resistance (worn)
Jewellery
 i - a +3 ring of dexterity (left hand)
 l - a ring of see invisible (right hand)
Scrolls
 b - 2 scrolls of amnesia
 f - 3 scrolls of identify
 h - a scroll of remove curse
 m - 2 scrolls of blinking {unknown}
 p - a scroll of magic mapping {unknown}
 q - a scroll of fear {unknown}
 u - a scroll of teleportation {unknown}
Potions
 e - a potion of degeneration
 g - a potion of lignification
 k - a potion of curing
Books
 n - a book of Cantrips

   Spells                             Type                      Level
   a - Confusing Touch                Hexes                        1
   b - Animate Skeleton               Necromancy                   1
   c - Summon Small Mammal            Summoning                    1
   d - Apportation                    Translocation                1
 r - a book of Changes

   Spells                             Type                      Level
   a - Beastly Appendage              Transmutation                1
   b - Sticks to Snakes               Transmutation                2
   c - Spider Form                    Transmutation/Poison         3
   d - Ice Form                       Ice/Transmutation            4
   e - Blade Hands                    Transmutation                5
Comestibles
 c - 3 rations
 s - 3 chunks of flesh


   Skills:
 + Level 4.3 Fighting
 + Level 4.2 Axes
 * Level 3.8 Armour
 + Level 1.2 Dodging
 * Level 3.4 Invocations


You had 6 spell levels left.
You didn't know any spells.

Dungeon Overview and Level Annotations

Branches:
Dungeon (4/15)
 Temple: D:4-7

Altars:
Elyvilon
Ru
Uskayaw
Xom
The Shining One


Innate Abilities, Weirdness & Mutations

You have hooves in place of feet.
Armour fits poorly on your strangely shaped body.
You cover ground very quickly.
You have extremely tough skin. (AC +3)
[You sometimes yell uncontrollably at your foes.]


Message History

The iguana closely misses you.
You closely miss the iguana. You kick the iguana, but do no damage.
The iguana is lightly wounded.
The iguana bites you!
You hit the iguana. You kick the iguana.
The iguana is moderately wounded.
The iguana completely misses you.
You hit the iguana but do no damage. You kick the iguana.
The iguana is severely wounded.
The iguana hisses menacingly.
The iguana bites you!
* * * LOW HITPOINT WARNING * * *
You hit the iguana.
The iguana is almost dead.
The iguana bites you!
* * * LOW HITPOINT WARNING * * *
You hit the iguana but do no damage.
The iguana is almost dead.
The iguana bites you.
You die...

####### .......
......)################
......ol@..)(.....†...##
####...##############..##
#### #########......
...............
##.....#......
#....)#...(..
#########...#
#............
#............


You could see an iguana and an orc.

Vanquished Creatures
  Edmund (D:4)
  Purgy (Sewer)
  An ogre (D:4)
  A hound (D:4)
  An orc priest (D:3)
  A centaur skeleton (D:4)
  An orc wizard (D:4)
  A worker ant (D:4)
  6 adders
  An ooze (D:4)
  5 worms
  2 dart slugs
  6 leopard geckos
  13 orcs
  2 ball pythons
  5 giant cockroaches
  3 hobgoblins
  9 jackals
  2 quokkas
  8 bats
  7 frilled lizards
  8 goblins
  7 kobolds
  11 rats
103 creatures vanquished.

Notes
Turn   | Place    | Note
-------+----------+-------------------------------------------
     0 | Abyss:1  | Gargoyl the Centaur Abyssal Knight began the quest for the Orb.
     0 | Abyss:1  | Reached XP level 1. HP: 19/19 MP: 2/2
    78 | Abyss:2  | Noticed a quasit
    81 | Abyss:2  | Noticed a wretched star
    94 | Abyss:2  | Noticed a starcursed mass
   100 | D:1      | Escaped the Abyss
   388 | D:1      | Reached * piety under Lugonu
   388 | D:1      | Reached XP level 2. HP: 21/26 MP: 3/3
   906 | D:1      | Reached XP level 3. HP: 28/31 MP: 4/4
  1571 | D:2      | Reached ** piety under Lugonu
  1571 | D:2      | Reached skill level 1 in Dodging
  1593 | D:2      | Reached XP level 4. HP: 31/38 MP: 5/5
  1639 | D:2      | Found a white marble altar of Elyvilon.
  1924 | D:2      | Found a glowing golden altar of the Shining One.
  1928 | D:2      | Found a shimmering altar of Xom.
  2515 | D:3      | Found a sacrificial altar of Ru.
  2572 | D:3      | Reached XP level 5. HP: 16/45 MP: 6/6
  2597 | D:3      | HP: 2/45 [poisoned by an adder]
  2603 | D:3      | HP: 2/45 [poisoned by an adder]
  3304 | D:4      | Noticed a dagger
  3305 | D:4      | Noticed a hand axe
  3334 | D:4      | Found a hide-covered altar of Uskayaw.
  3433 | D:4      | Found a glowing drain.
  3449 | D:4      | Reached *** piety under Lugonu
  3457 | Sewer    | Entered a sewer
  3612 | Sewer    | Noticed Purgy
  3621 | Sewer    | Killed Purgy
  3621 | Sewer    | Reached XP level 6. HP: 49/52 MP: 8/8
  3763 | D:4      | Noticed Edmund
  3804 | D:4      | Killed Edmund
  4087 | D:4      | Reached XP level 7. HP: 21/59 MP: 9/9
  4237 | D:4      | Slain by an iguana

Skill      XL: |  1  2  3  4  5  6 |
---------------+-------------------+-----
Axes           | 2 3 4 |  4.2
Armour         | 2 3 |  3.8
Dodging        | 1 |  1.2
Invocations    | 3 |  3.4
Fighting       | 4 |  4.3

Action                   |  1- 3 |  4- 6 |  7- 9 || total
-------------------------+-------+-------+-------++-------
Melee: Hand axe          |   107 |   177 |    23 ||   307
       Kick              |    23 |    42 |     9 ||    74
Invok: Depart the Abyss  |     1 |       |       ||     1
  Use: Scroll            |     6 |     1 |       ||     7
       Potion            |       |     2 |       ||     2
  Eat: Chunk             |     1 |     4 |       ||     5
       Ration            |       |     1 |       ||     1
Armor: Leather armour    |    16 |       |       ||    16
       Chain mail        |   108 |   115 |    17 ||   240
       Skin              |       |     7 |       ||     7
Dodge: Dodged            |    63 |    41 |     9 ||   113
Block: Buckler           |       |    11 |     3 ||    14
